 Dungeon Crawl Stone Soup version 0.27-a0-1196-g3e9cee4cb2 (console) character file.

Game seed: 712470629359844474

30 Gather the Insei (level 3, -8/27 HPs)
             Began as a Djinni Transmuter on May 27, 2021.
             Mangled by a gnoll
             ... wielding a +0 spear
              (9 damage)
             ... on level 4 of the Dungeon.
             The game lasted 00:05:03 (2049 turns).

Gather the Insei (Djinni Transmuter)                Turns: 2049, Time: 00:05:03

Health: -8/27      AC:  2    Str:  9    XL:     3   Next: 37%
Gold:   90         EV: 19    Int: 15    God:
                   SH:  0    Dex: 18

rFire    . . .     SeeInvis .     - Unarmed
rCold    . . .     Faith    .   (shield currently unavailable)
rNeg     . . .     Spirit   .   (armour currently unavailable)
rPois    ∞         Reflect  .   (helmet currently unavailable)
rElec    .         Harm     .   (cloak currently unavailable)
rCorr    .         Rampage  .   (gloves currently unavailable)
Will     .....                  (boots unavailable)
Stlth    ++........             (no amulet)
HPRegen  0.09/turn              (no ring)
MPRegen  0.00/turn              (no ring)

@: spider-form, attractive, flying
A: venomous fangs, flying, sickness immunity, tiny, (fire resistance 2), (cold
vulnerability 1), float, innate caster, hp casting, extra vitality 1
a: End Transformation


You were on level 4 of the Dungeon.
You were a venomous arachnid creature.
You visited 1 branch of the dungeon, and saw 3 of its levels.

You collected 90 gold pieces.

Inventory:

Hand Weapons
 b - a +0 dagger
 d - a +0 mace
 f - a +0 short sword
Missiles
 c - 20 sling bullets
 h - 15 stones
Armour
 a - a +0 robe (melded)
Scrolls
 e - a scroll of identify
 i - a scroll of amnesia


   Skills:
 - Level 1.4 Fighting
 - Level 2.1 Dodging
 - Level 0.7 Stealth
 - Level 3.0 Unarmed Combat
 + Level 2.4 Spellcasting


You couldn't memorise any spells.
You knew the following spells:

 Your Spells              Type           Power      Damage    Failure   Level
a - Beastly Appendage     Tmut           18%        N/A       21%         1
b - Animate Skeleton      Necr           18%        N/A       21%         1
d - Ice Form              Ice/Tmut       9%         N/A       80%         4
e - Hydra Form            Tmut           4%         N/A       98%         5
w - Wereblood             Tmut           9%         N/A       28%         2
x - Spider Form           Tmut/Pois      4%         N/A       45%         3
Your spell library was empty.

Dungeon Overview and Level Annotations

Branches:
Dungeon (2/15)

Altars:
Vehumet


Innate Abilities, Weirdness & Mutations

You are a venomous arachnid creature.
You have poisonous fangs.
You are tiny and dextrous.
You are flying.
Your spellcasting is less reliable in this form.
Your armour is entirely melded.
You are incapable of wielding weapons or throwing items.
You are immune to sickness and miasma.
You are immune to poison.
((Your flesh is very heat resistant. (rF++)))
((You are vulnerable to cold. (rC-)))
You float through the air rather than walking.
You learn spells naturally, not from books.
Your magical power is your life essence.
You have superior vitality. (+4 HP)


Message History

The gnoll shouts!
You hear a shout!
A gnoll comes into view. It is wielding a +0 halberd.
Casting: Beastly Appendage (safe; 8% risk of failure)
Confirm with . or Enter, or press ? or * to list all spells.
The spell is extremely dangerous to cast (24% risk of failure)!
Continue anyway?
You turn into a venomous arachnid creature.
Your +0 robe melds into your body.
The gnoll shouts!
Your transformation is almost over. 2 gnolls come into view.
The gnoll shouts!
The gnoll moves out of view.
The gnoll hits you but does no damage.
Your transformation has ended.
Your +0 robe unmelds from your body.
Casting: Spider Form (extremely dangerous; 24% risk of failure)
Confirm with . or Enter, or press ? or * to list all spells.
The spell is extremely dangerous to cast (24% risk of failure)!
Continue anyway?
You turn into a venomous arachnid creature.
Your +0 robe melds into your body.
The gnoll barely misses you.
You hit the gnoll.
The gnoll is poisoned.
The gnoll is lightly wounded.
The gnoll hits you with a +0 spear!
You completely miss the gnoll.
The gnoll is lightly wounded.
The gnoll hits you with a +0 spear.
* * * LOW HITPOINT WARNING * * *
The gnoll hits you from afar with a +0 spear!
* * * LOW HITPOINT WARNING * * *
It was a potion of attraction.
You feel attractive to monsters.
The gnoll hits you from afar with a +0 spear.
* * * LOW HITPOINT WARNING * * *
The gnoll is pulled toward you! x2
As you read the scroll labelled DELITHAJOE, it crumbles to dust.
It is a scroll of identify.
i - a scroll of amnesia The gnoll hits you from afar with a +0 spear!
You die...

##.# #..# #g## ###
##.# ##..### #g.#
##.....## ##.##
#.......## #.g#
#........# #..##
#........##
##..g###.........#
##..†..##.........#
#......g##.s......#
#........#g.......#
#..#....gg#......##
#.####....##.....#
#. ##....##..### ##
##....#### ##....#
##..... ##.... #...
###


You could see 3 gnolls.

Vanquished Creatures
  2 dart slugs (D:1)
  2 ball pythons (D:1)
  2 endoplasms (D:1)
  2 giant cockroaches
  A goblin (D:1)
  3 hobgoblins (D:1)
  2 kobolds (D:1)
  A quokka (D:1)
  4 bats
  4 frilled lizards (D:1)
  2 rats (D:1)
25 creatures vanquished.

Notes
Turn   | Place    | Note
-------+----------+-------------------------------------------
     0 | D:1      | Gather the Djinni Transmuter began the quest for the Orb.
     0 | D:1      | Reached XP level 1. HP: 17/17 MP: 0/0
   355 | D:1      | Reached XP level 2. HP: 20/22 MP: 0/0
   976 | D:1      | Found a faded altar of an unknown god.
  1610 | D:1      | Reached XP level 3. HP: 25/27 MP: 0/0
  1610 | D:1      | Learned a level 1 spell: Animate Skeleton
  1989 | D:2      | You are sucked into a shaft and drop 2 floors!
  2047 | D:4      | HP: 1/27 [gnoll/+0 spear (7)]
  2049 | D:4      | Mangled by a gnoll

Illustrated notes

Levels and vault maps discovered:
D:1:      mrwooster_arrival_statue_2, layout_basic,
          hellmonk_ecumenical_altar_inner_sanctum,
          wander_ebering_terrifying_dragon_lair
D:2:      layout_loops_corners, basic_altar
D:4:      layout_cave_pods, temple_hall, serial_shops, nicolae_shop_statue_plus,
          uniq_ijyb

Skill      XL: |  1  2 |
---------------+-------+-----
Spellcasting   | 2 |  2.4
Fighting       | |  1.4
Dodging        | |  2.1
Stealth        | |  0.7
Unarmed Combat | |  3.0

Action                   || total
-------------------------++-------
Melee: Unarmed           ||   103
       Headbutt          ||    11
       Punch             ||     1
 Cast: Beastly Appendage ||    17
       Spider Form       ||     3
  Use: Scroll            ||     1
       Potion            ||     1
 Stab: Sleeping          ||     2
Armor: Robe              ||    15
       Skin              ||     1
Dodge: Dodged            ||    69

Table legend: (Time is in decaauts)
 A = Elapsed time spent in this place.
 B = Non-inter-level travel time spent in this place.
 C = Inter-level travel time spent in this place.
 D = Time resting spent in this place.
 E = Time spent auto-exploring this place.
 F = Levels seen in this place.
 G = Mean time per level.
                   A        B        C        D        E       F      G
               +--------+--------+--------+--------+--------+-----+--------+
         Total |   2042 |   2027 |     15 |     28 |   1707 |   3 |  680.7 |
       Dungeon |   2042 |   2027 |     15 |     28 |   1707 |   3 |  680.7 |
               +--------+--------+--------+--------+--------+-----+--------+

Top non-repeatable levels by time:
     D:1: 1932 daAuts
     D:4: 58 daAuts
     D:2: 50 daAuts
